 Dungeon Crawl Stone Soup version 0.32-a0-913-g739538afd8 (webtiles) character file.

Game seed: 4696044358895396889

421 jasper the Chopper (level 6, -1/47 HPs)
             Began as a Demonspawn Fighter on Apr 9, 2024.
             Succumbed to a kobold brigand's curare-tipped dart
             ... in a sewer.
             The game lasted 00:03:55 (3192 turns).

jasper the Chopper (Demonspawn Fighter)             Turns: 3192, Time: 00:03:56

Health: -1/47      AC:  8    Str: 18    XL:     6   Next: 62%
Magic:  6/6        EV:  7    Int:  9    God:
Gold:   156        SH:  4    Dex: 12    Spells: 5/5 levels left

rFire   . . .        a - +0 war axe (chaos)
rCold   . . .        c - +0 buckler
rNeg    . . .        s - +0 chain mail
rPois   .            (no helmet)
rElec   .            (no cloak)
rCorr   .            (no gloves)
SInv    .            (no boots)
Will    .....        (no amulet) Stlth
                     (no ring)
HPRegen 0.27/turn    (no ring)
MPRegen 0.10/turn

%: no passive effects
@: lethally poisoned (-1 -> -3), slowed, very slow
A: foul stench 2, sturdy frame 1, weakness stinger 1
a: no special abilities


You were in a sewer.
You visited 1 branch of the dungeon, and saw 4 of its levels.
You also visited: Sewer.

You collected 156 gold pieces.

Inventory:

Hand Weapons
 a - a +0 war axe of chaos (weapon)
Missiles
 h - 3 curare-tipped darts (quivered)
 m - 36 stones
 o - 5 boomerangs
Armour
 b - a +0 scale mail
 c - a +0 buckler (worn)
 s - a +0 chain mail (worn)
Jewellery
 r - a ring of flight
Scrolls
 e - 3 scrolls of teleportation
 i - a scroll of enchant weapon {unknown}
 n - a scroll of immolation
 p - a scroll of vulnerability
Potions
 d - 3 potions of might
 f - 2 potions of curing
 g - a potion of brilliance {unknown}
 j - a potion of lignification {unknown}
 k - a potion of haste {unknown}
 l - a potion of magic
 q - a potion of heal wounds
 t - a potion of enlightenment {unknown}


   Skills:
 - Level 3.0 Fighting
 + Level 6.5 Axes
 - Level 2.6 Armour
 - Level 2.6 Shields


You had 5 spell levels left.
You didn't know any spells.
Your spell library contained the following spells:

 Spells                   Type           Power      Damage    Failure   Level
 Ensorcelled Hibernation  Hex/Ice        0%         N/A       99%         2
 Passwall                 Erth           0%         N/A       100%        3
 Swiftness                Air            0%         N/A       100%        3


Dungeon Overview and Level Annotations

Branches:
Dungeon (4/15)              Sewer (1/1)
 Temple: D:4-7

Altars:
Makhleb
Ru
Uskayaw

Shops:
D:1 (


Innate Abilities, Weirdness & Mutations

You sometimes emit foul miasma when damaged in melee.
Your movements are slightly less encumbered by armour. (ER -2)
You have a small tail.


Message History

You feel very sick.
The kobold brigand throws a curare-tipped dart.
The curare-tipped dart hits you.
You are more poisoned.
You have difficulty breathing.
You feel as though you will be slow longer.
You take 23 damage, and have 19/47 hp.
MASSIVE DAMAGE!!
* * * LOW HITPOINT WARNING * * *
You feel very sick.
The kobold brigand hits you but does no damage.
You hit the kobold brigand but do no damage.
The kobold brigand looks weaker.
* * * LOW HITPOINT WARNING * * *
You feel very sick.
The kobold brigand hits you but does no damage.
The kobold brigand barely misses you.
You slash the kobold brigand! You burn the kobold brigand.
Your tail-slap misses the kobold brigand.
The kobold brigand is severely wounded.
* * * LOW HITPOINT WARNING * * *
You feel very sick.
The kobold brigand hits you but does no damage.
The kobold brigand hits you with a +0 dagger.
* * * LOW HITPOINT WARNING * * *
You hit the kobold brigand but do no damage.
You tail-slap the kobold brigand.
The kobold brigand is severely wounded.
* * * LOW HITPOINT WARNING * * *
You feel sick.
The kobold brigand hits you with a +0 dagger.
* * * LOW HITPOINT WARNING * * *
You emit a cloud of foul miasma!
The kobold brigand is engulfed in dark miasma.
The kobold brigand is poisoned.
You kill the kobold brigand!
* * * LOW HITPOINT WARNING * * *
You feel sick.
Things that are here:
a +0 dagger; a curare-tipped dart; a scroll labelled RIRHYI POAGYN You die...

#####...~.####~...~#
# ##.~.## ##..~##
##~## ##.## #~# #.#
#~# #.# ##~## #.# #
##~.~## ##.##
#####~..~.# ##.○.##
~~~~)~....# #.!@..#
#####~.~.~# ##...##
# ##.~.## ##.##
##### ###


There were no monsters in sight!

Vanquished Creatures
  2 kobold brigands (Sewer)
  2 bombardier beetles
  An orc priest (D:2)
  6 river rats
  5 adders
  2 dart slugs
  3 ribbon worms
  3 orcs
  7 ball pythons
  10 bats
  5 endoplasms
  8 giant cockroaches
  2 goblins (D:2)
  8 hobgoblins
  2 jackals (D:2)
  8 kobolds
  A quokka (D:2)
  4 frilled lizards
  5 rats
84 creatures vanquished.

Vanquished Creatures (others)
  A rat zombie (Sewer)
1 creature vanquished.

Grand Total: 85 creatures vanquished

Notes
Turn   | Place    | Note
-------+----------+-------------------------------------------
     0 | D:1      | jasper the Demonspawn Fighter began the quest for the Orb.
     0 | D:1      | Reached XP level 1. HP: 18/18 MP: 1/1
    52 | D:1      | Reached skill level 2 in Axes
   169 | D:1      | Gained mutation: You may rarely emit foul miasma when
                  | damaged in melee. [demonic ancestry]
   169 | D:1      | Reached XP level 2. HP: 24/24 MP: 2/2
   209 | D:1      | Found Zicawet's Weapon Shoppe.
   654 | D:2      | Reached skill level 3 in Axes
   732 | D:2      | Gained mutation: You sometimes emit foul miasma when
                  | damaged in melee. [demonic ancestry]
   732 | D:2      | Reached XP level 3. HP: 26/29 MP: 3/3
   851 | D:2      | Reached XP level 4. HP: 24/35 MP: 4/4
   859 | D:2      | Reached skill level 4 in Axes
  1968 | D:3      | Found a burning altar of Makhleb.
  2069 | D:3      | Gained mutation: You have a small tail. [demonic ancestry]
  2069 | D:3      | Reached XP level 5. HP: 21/41 MP: 5/5
  2461 | D:3      | Found a sacrificial altar of Ru.
  2461 | D:3      | Found a hide-covered altar of Uskayaw.
  2543 | D:3      | Found a faded altar of an unknown god.
  2555 | D:3      | Reached skill level 5 in Axes
  2735 | D:4      | Found a glowing drain.
  2784 | Sewer    | Entered a sewer
  2812 | Sewer    | Reached skill level 6 in Axes
  2812 | Sewer    | Gained mutation: Your movements are slightly less
                  | encumbered by armour. (ER -2) [demonic ancestry]
  2812 | Sewer    | Reached XP level 6. HP: 25/47 MP: 6/6
  3190 | Sewer    | HP: 2/47 [poisoned by a kobold brigand (curare-tipped
                  | dart)]
  3192 | Sewer    | Succumbed to a kobold brigand's curare-tipped dart

Illustrated notes

Levels and vault maps discovered:
D:1:      eino_arrival_cavern_b, layout_rooms, serial_shops, shop,
          nicolae_figureground_pulse
D:2:      cheibrodos_pilgrimage, layout_loops_corners, basic_altar,
          minmay_bisected
D:3:      layout_loops_ring, mainiacjoe_overflow_surrounded_room,
          gammafunk_temple_overflow_pools, serial_co_window_serial,
          co_window_of_opportunity_a, co_window_paths_a,
          co_window_of_opportunity_a, co_window_paths_a, co_window_paths_a,
          co_window_corner_ca, co_window_corner_cb, co_window_corner_b,
          co_window_unsneaky_path_b, co_window_corner_ca, co_window_sun,
          glass_columns_a, glass_columns_c, glass_columns_b, glass_columns_b,
          hellmonk_ecumenical_altar_pennies_from_heaven
D:4:      layout_rooms, nemelex_xobeh_ov_fountains_minmay,
          mainiacjoe_overflow_24_doors, portal_sewer_entry_c, uniq_edmund,
          uniq_crazy_yiuf_cottage
Sewer:    sewer_co_15_rooms

Skill      XL: |  1  2  3  4  5 |
---------------+----------------+-----
Axes           | 2 3 4 6 |  6.5
Fighting       | |  3.0
Armour         | |  2.6
Shields        | |  2.6

Action                     |  1- 3 |  4- 6 || total
---------------------------+-------+-------++-------
  Melee: War axe           |    73 |   155 ||   228
         Tailslap          |       |    12 ||    12
    Use: Scroll            |       |    10 ||    10
         Potion            |       |     3 ||     3
 Armour: Scale mail        |   101 |    32 ||   133
         Chain mail        |       |    96 ||    96
  Dodge: Dodged            |    56 |    73 ||   129
  Block: Buckler           |    30 |    30 ||    60

Table legend: (Time is in decaauts)
 A = Elapsed time spent in this place.
 B = Non-inter-level travel time spent in this place.
 C = Inter-level travel time spent in this place.
 D = Time resting spent in this place.
 E = Time spent auto-exploring this place.
 F = Levels seen in this place.
 G = Mean time per level.
                   A        B        C        D        E       F      G
               +--------+--------+--------+--------+--------+-----+--------+
         Total |   3359 |   3346 |     13 |     84 |   2459 |   5 |  671.8 |
       Dungeon |   2861 |   2848 |     13 |     22 |   2229 |   4 |  715.2 |
         Sewer |    497 |    497 |      0 |     62 |    229 |   1 |  497.0 |
               +--------+--------+--------+--------+--------+-----+--------+

Top non-repeatable levels by time:
     D:3: 1064 daAuts
     D:2: 1042 daAuts
     D:1: 651 daAuts
   Sewer: 497 daAuts
     D:4: 102 daAuts
